 Dungeon Crawl Stone Soup version 0.17.2-1-ge4368a0 (webtiles) character file.

151 rlgrobin the Cutter (level 5, -2/30 HPs)
             Began as a Kobold Gladiator on Apr 20, 2017.
             Killed from afar by an orc wizard (6 damage)
             ... with a magic dart
             ... on level 3 of the Dungeon.
             The game lasted 00:02:56 (2518 turns).

rlgrobin the Cutter (Kobold Gladiator)              Turns: 2518, Time: 00:02:57

Health: -2/30      AC:  6    Str: 13    XL:     5   Next: 59%
Magic:  5/5        EV: 15    Int:  6    God:
Gold:   138        SH:  0    Dex: 18    Spells: 0 memorised, 4 levels left

rFire  . . .     SeeInvis .     a - +0 rapier
rCold  . . .     Clarity  .     k - +0 ring mail
rNeg   . . .     SustAt   .     (shield restricted)
rPois  .         Gourm    .     c - +0 helmet
rElec  .         Spirit   .     (no cloak)
rCorr  .         Warding  .     (no gloves)
rMut   .         Stasis   .     (no boots)
MR     .....                    (no amulet)
Stlth  +.........               (no ring)
                                (no ring)

@: not resistant to hostile enchantments, very unstealthy
A: carnivore 3
a: no special abilities


You were on level 3 of the Dungeon.
You were full.

You visited 1 branch of the dungeon, and saw 3 of its levels.

You collected 138 gold pieces.


Innate Abilities, Weirdness & Mutations

You are small and have problems with some larger weapons.
You are carnivorous and can eat meat at any time.


   Skills:
 - Level 2.1 Fighting
 + Level 7.7 Short Blades
 - Level 2.1 Throwing
 - Level 3.6 Dodging


You had 4 spell levels left.
You didn't know any spells.

Inventory:

Hand Weapons
 a - a +0 rapier (weapon)
Missiles
 d - 4 throwing nets {=f}
Armour
 b - a +0 leather armour
 c - a +0 helmet (worn)
 k - a +0 ring mail (worn)
Scrolls
 f - a scroll of amnesia {unknown}
 g - 4 scrolls of identify {unknown}
 h - a scroll of blinking {unknown}
 i - 3 scrolls of remove curse {unknown}
 j - 4 scrolls of teleportation {unknown}
 l - a scroll of enchant weapon {unknown}
 m - a scroll of fog {unknown}
Comestibles
 e - 2 meat rations

Dungeon Overview and Level Annotations

Branches:
Dungeon (3/15)

Altars:
Ashenzari
Elyvilon
Gozag
Vehumet
Xom
The Shining One

.. ▒▒▒▒
▒▒.▒▒▒▒▒▒▒▒▒▒▒▒▒▒▒▒▒▒...
...............▒........
..£▒....▒▒▒▒▒▒.▒.▒▒▒▒...
▒.▒▒....▒ ▒.▒.▒ ▒... ..
▒†)..▒ ▒.▒.▒ ▒▒... ...
▒....▒ ▒.▒.▒▒▒...▒ ▒▒
▒K)..▒ ▒.▒.▒≈≈...≈
▒{...▒ ▒.▒.▒≈r.♣..
▒....▒ ▒.▒.......r
..▒▒▒▒ ▒.▒...♣._.♣
▒▒▒▒▒▒▒▒▒..........
▒........▒≈..♣..
▒........▒≈≈..%≈
▒........▒▒▒...▒
▒.............▒.


There were no monsters in sight!


Message History

Deactivating autopickup; reactivate with Ctrl-A!
Your ring mail prevents you from hitting something!
You hear some strange, mumbled words!
A puff of flame appears from out of thin air!!!
The puff of flame hits you!!! * * * don't die
* * * You take 5 damage, and have 8/30 hp!
You perforate something but do no damage!
You barely miss something! Something hits you! * * * don't die
* * * You take 3 damage, and have 5/30 hp!
You closely miss something! Something closely misses you!
You barely miss something! Something hits you but does no damage!
You miss something! Something hits you but does no damage!
You stick something like a pincushion!
You perforate something but do no damage!
Something hits you! * * * don't die
* * * You take 1 damage, and have 4/30 hp!
You closely miss something! Something barely misses you!
You closely miss something! Something hits you but does no damage!
You completely miss something!
You hear some strange, mumbled words!
Something tries to affect you, but you resist!
You miss something! You closely miss something!
You hear some strange, mumbled words!
A magic dart appears from out of thin air!!!
The magic dart hits you!!! rip

Action                   |  1- 3 |  4- 6 || total
-------------------------+-------+-------++-------
Melee: Rapier            |   116 |   174 ||   290
 Stab: Sleeping          |     3 |       ||     3
  Eat: Chunk             |     2 |     2 ||     4
       Meat ration       |       |     1 ||     1

Vault maps used:
D:1:      minmay_arrival_doors
D:2:      minitemple, serial_bayou_ford_a
D:3:      kennysheep_goblin_castle, nicolae_overflow_hidden_temple, first_bread,
          elyvilon_altar_4

Notes
Turn   | Place    | Note
--------------------------------------------------------------
     0 | D:1      | rlgrobin the Kobold Gladiator began the quest for the Orb.
     0 | D:1      | Reached XP level 1. HP: 12/12 MP: 1/1
   115 | D:1      | Reached XP level 2. HP: 4/17 MP: 2/2
   332 | D:1      | Reached skill level 5 in Short Blades
   485 | D:1      | Reached XP level 3. HP: 18/21 MP: 3/3
  1012 | D:2      | Reached skill level 6 in Short Blades
  1179 | D:2      | Found a glowing golden altar of the Shining One.
  1181 | D:2      | Reached XP level 4. HP: 26/26 MP: 4/4
  1184 | D:2      | Found a shimmering altar of Xom.
  1584 | D:2      | Found an opulent altar of Gozag.
  1585 | D:2      | Found a radiant altar of Vehumet.
  1588 | D:2      | Found a shattered altar of Ashenzari.
  1787 | D:3      | Noticed Ijyb
  1825 | D:3      | Killed Ijyb
  1825 | D:3      | Reached skill level 7 in Short Blades
  1825 | D:3      | Reached XP level 5. HP: 13/30 MP: 5/5
  2099 | D:3      | Found a white marble altar of Elyvilon.
  2518 | D:3      | Killed from afar by an orc wizard

Vanquished Creatures
  Ijyb (D:3)
  3 adders
  2 oozes
  A worm (D:2)
  A giant gecko (D:1)
  3 orcs (D:3)
  A ball python (D:3)
  11 bats
  3 giant cockroaches
  15 goblins
  10 hobgoblins
  4 jackals (D:3)
  8 kobolds
  3 quokkas
  4 giant newts
  8 rats
78 creatures vanquished.
